EVO
OKLAHOMA STATE UNIVERSITY COWBOYS @ CLEMSON UNIVERSITY TIGERS
10/20/2047
 
TOP OF THE 1ST
Oklahoma State University Cowboys batting - Pitching for Clemson University Tigers : LHP Oliver Troiano
Pitching: LHP Oliver Troiano
Batting: RHB Simon Gravitt 0-0: Swinging Strike
0-1: Ball
1-1: Fly out, F8 (Flyball, 8LD, EV 93.8 MPH)
Batting: RHB Magnus Laursen 0-0: Ball
1-0: Ball
2-0: Ball
3-0: Fly out, F6 (Popup, 6MS, EV 75.0 MPH)
Batting: LHB Kyle David 0-0: Called Strike
0-1: Foul Ball, location: 2F
0-2: Foul Ball, location: 2F
0-2: Strikes out swinging
Top of the 1st over - 0 runs, 0 hits, 0 errors, 0 left on base; Oklahoma State University 0 - Clemson University 0
BOTTOM OF THE 1ST
Clemson University Tigers batting - Pitching for Oklahoma State University Cowboys : RHP Jean-Philippe Guéry
Pitching: RHP Jean-Philippe Guéry
Batting: LHB Steve Gates 0-0: Ball
1-0: Called Strike
1-1: Ball
2-1: Foul Ball, location: 2F
2-2: Ball
3-2: Foul Ball, location: 2F
3-2: Foul Ball, location: 2F
3-2: Foul Ball, location: 2F
3-2: Strikes out looking
Batting: LHB Wade Girard 0-0: Foul Ball, location: 2F
0-1: Ball
1-1: SINGLE (Flyball, 78S, EV 92.5 MPH)
Batting: RHB Josh LeSage 0-0: Called Strike
0-1: Ball
1-1: Ball
2-1: Foul Ball, location: 2F
2-2: Foul Ball, location: 2F
2-2: Ball
3-2: Foul Ball, location: 2F
3-2: Base on Balls
Wade Girard to second
Batting: RHB Jason Duncan 0-0: Swinging Strike
0-1: Foul Ball, location: 2F
0-2: Foul Ball, location: 2F
0-2: Fielders Choice at 2nd, 3-6 (Groundball, 34, EV 97.5 MPH)
Wade Girard to third
Batting: LHB Jonathan Watt 0-0: Ball
1-0: Foul Ball, location: 2F
1-1: Called Strike
1-2: Ball
2-2: Ground out 4-3 (Groundball, 4, EV 81.9 MPH)
Bottom of the 1st over - 0 runs, 1 hit, 0 errors, 2 left on base; Oklahoma State University 0 - Clemson University 0
TOP OF THE 2ND
Oklahoma State University Cowboys batting - Pitching for Clemson University Tigers : LHP Oliver Troiano
Batting: LHB Jeff Williams 0-0: Swinging Strike
0-1: Ball
1-1: Called Strike
1-2: Ground out 1-3 (Groundball, 13S, EV 63.1 MPH)
Batting: LHB Cory Rohr 0-0: Ball
1-0: Foul Ball, location: 2F
1-1: Foul Ball, location: 2F
1-2: SINGLE (Groundball, 34D, EV 107.5 MPH)
Batting: RHB Rory Cardosi 0-0: Swinging Strike
0-1: Ball
1-1: Called Strike
1-2: Fly out, F8 (Flyball, 8LM, EV 87.5 MPH)
Batting: RHB Jon Guzman 0-0: Ball
1-0: Ball
2-0: Called Strike
2-1: Foul Ball, location: 2F
2-2: Ball
3-2: Foul Ball, location: 2F
3-2: Reached on error, E8 (Flyball, 8LD, EV 90.0 MPH)
Cory Rohr to third
Batting: RHB Estevan Alvarez 0-0: Ball
1-0: Foul Ball, location: 2F
1-1: Fly out, F7 (Flyball, 7LM, EV 92.5 MPH)
Top of the 2nd over - 0 runs, 1 hit, 1 error, 2 left on base; Oklahoma State University 0 - Clemson University 0
BOTTOM OF THE 2ND
Clemson University Tigers batting - Pitching for Oklahoma State University Cowboys : RHP Jean-Philippe Guéry
Batting: RHB Ross Hallock 0-0: Ball
1-0: Ground out 4-3 (Groundball, 4M, EV 101.9 MPH)
Batting: LHB George Jedinak 0-0: Ball
1-0: Fly out, F7 (Flyball, 7, EV 87.5 MPH)
Batting: LHB Bryant Dill 0-0: Ball
1-0: Ball
2-0: Ground out 6-3 (Groundball, 6, EV 83.1 MPH)
Bottom of the 2nd over - 0 runs, 0 hits, 0 errors, 0 left on base; Oklahoma State University 0 - Clemson University 0
TOP OF THE 3RD
Oklahoma State University Cowboys batting - Pitching for Clemson University Tigers : LHP Oliver Troiano
Batting: RHB Frederik Koster 0-0: Foul Ball, location: 2F
0-1: Ball
1-1: Swinging Strike
1-2: Foul Ball, location: 2F
1-2: Fly out, F7 (Flyball, 7LM, EV 95.6 MPH)
Batting: RHB Simon Gravitt 0-0: Called Strike
0-1: Ball
1-1: Ball
2-1: Swinging Strike
2-2: Strikes out swinging
Batting: RHB Magnus Laursen 0-0: Ball
1-0: Foul Ball, location: 2F
1-1: Ball
2-1: Called Strike
2-2: DOUBLE (Line Drive, 89D, EV 111.2 MPH)
Batting: LHB Kyle David 0-0: Called Strike
0-1: 2-RUN HOME RUN (Line Drive, 89XD, EV 106.2 MPH), Distance : 421 ft
Batting: LHB Jeff Williams 0-0: Ball
1-0: Fly out, F8 (Flyball, 8LXD, EV 108.8 MPH)
Top of the 3rd over - 2 runs, 2 hits, 0 errors, 0 left on base; Oklahoma State University 2 - Clemson University 0
BOTTOM OF THE 3RD
Clemson University Tigers batting - Pitching for Oklahoma State University Cowboys : RHP Jean-Philippe Guéry
Batting: RHB Adrian Franz 0-0: Called Strike
0-1: Ball
1-1: Called Strike
1-2: Foul Ball, location: 2F
1-2: Ball
2-2: Fly out, F8 (Flyball, 8LXD, EV 84.4 MPH)
Batting: LHB Steve Gates 0-0: Called Strike
0-1: Swinging Strike
0-2: Ball
1-2: Strikes out swinging
Batting: LHB Wade Girard 0-0: Ball
1-0: Called Strike
1-1: Ball
2-1: SINGLE (Groundball, 34D, EV 107.5 MPH)
Batting: RHB Josh LeSage 0-0: 2-RUN HOME RUN (Flyball, 7LD, EV 90.6 MPH), Distance : 333 ft
Batting: RHB Jason Duncan 0-0: Fly out, F9 (Line Drive, 9, EV 90.0 MPH)
Bottom of the 3rd over - 2 runs, 2 hits, 0 errors, 0 left on base; Oklahoma State University 2 - Clemson University 2
TOP OF THE 4TH
Oklahoma State University Cowboys batting - Pitching for Clemson University Tigers : LHP Oliver Troiano
Batting: LHB Cory Rohr 0-0: Ball
1-0: Ball
2-0: Ground out U3 (Groundball, 34, EV 95.6 MPH)
Batting: RHB Rory Cardosi 0-0: Foul Ball, location: 2F
0-1: Foul Ball, location: 2F
0-2: Ball
1-2: Fly out, F4 (Popup, 34S, EV 89.4 MPH)
Batting: RHB Jon Guzman 0-0: Called Strike
0-1: Fly out, F9 (Flyball, 89S, EV 94.4 MPH)
Top of the 4th over - 0 runs, 0 hits, 0 errors, 0 left on base; Oklahoma State University 2 - Clemson University 2
BOTTOM OF THE 4TH
Clemson University Tigers batting - Pitching for Oklahoma State University Cowboys : RHP Jean-Philippe Guéry
Batting: LHB Jonathan Watt 0-0: Called Strike
0-1: Called Strike
0-2: Strikes out looking
Batting: RHB Ross Hallock 0-0: Ball
1-0: Called Strike
1-1: Ball
2-1: Fly out, F3 (Popup, 3, EV 68.1 MPH)
Batting: LHB George Jedinak 0-0: Swinging Strike
0-1: Ball
1-1: Ball
2-1: Foul Ball, location: 2F
2-2: Ball
3-2: Foul Ball, location: 2F
3-2: Strikes out swinging
Bottom of the 4th over - 0 runs, 0 hits, 0 errors, 0 left on base; Oklahoma State University 2 - Clemson University 2
TOP OF THE 5TH
Oklahoma State University Cowboys batting - Pitching for Clemson University Tigers : LHP Oliver Troiano
Batting: RHB Estevan Alvarez 0-0: Ball
1-0: Ground out 5-3 (Groundball, 56S, EV 70.6 MPH)
Batting: RHB Frederik Koster 0-0: Called Strike
0-1: Foul Ball, location: 2F
0-2: Ball
1-2: Ball
2-2: Foul Ball, location: 2F
2-2: Foul Ball, location: 2F
2-2: Strikes out swinging
Batting: RHB Simon Gravitt 0-0: DOUBLE (Line Drive, 78XD, EV 94.4 MPH)
Batting: RHB Magnus Laursen 0-0: Fly out, F7 (Flyball, 78D, EV 80.6 MPH)
Top of the 5th over - 0 runs, 1 hit, 0 errors, 1 left on base; Oklahoma State University 2 - Clemson University 2
BOTTOM OF THE 5TH
Clemson University Tigers batting - Pitching for Oklahoma State University Cowboys : RHP Jean-Philippe Guéry
Batting: LHB Bryant Dill 0-0: Ball
1-0: Ball
2-0: Swinging Strike
2-1: Foul Ball, location: 2F
2-2: Foul Ball, location: 2F
2-2: Strikes out looking
Batting: RHB Adrian Franz 0-0: Ball
1-0: SINGLE (Groundball, 6, EV 96.2 MPH)
Batting: LHB Steve Gates 0-0: Ball
1-0: Swinging Strike
1-1: Grounds into double play, 4-6-3 (Groundball, 4, EV 88.1 MPH)
Bottom of the 5th over - 0 runs, 1 hit, 0 errors, 0 left on base; Oklahoma State University 2 - Clemson University 2
TOP OF THE 6TH
Oklahoma State University Cowboys batting - Pitching for Clemson University Tigers : LHP Oliver Troiano
Batting: LHB Kyle David 0-0: Ball
1-0: Called Strike
1-1: Ball
2-1: Swinging Strike
2-2: Ball
3-2: Strikes out looking
Pitching: RHP Dustin DeMent
Batting: LHB Jeff Williams 0-0: Ball
1-0: Swinging Strike
1-1: Foul Ball, location: 2F
1-2: Foul Ball, location: 2F
1-2: Ball
2-2: Foul Ball, location: 2F
2-2: Ball
3-2: Foul Ball, location: 2F
3-2: Foul Ball, location: 2F
3-2: Base on Balls
Batting: LHB Cory Rohr 0-0: Ball
1-0: SINGLE (Groundball, 4MD, EV 98.1 MPH)
Jeff Williams to second
Batting: RHB Rory Cardosi 0-0: Foul Ball, location: 2F
0-1: Ball
1-1: DOUBLE (Line Drive, 78D, EV 105.0 MPH)
Jeff Williams scores
Cory Rohr to third
Batting: RHB Jon Guzman 0-0: Ball
1-0: Foul Ball, location: 2F
1-1: Swinging Strike
1-2: Ball
2-2: Foul Ball, location: 2F
2-2: Ball
3-2: Base on Balls
Batting: RHB Estevan Alvarez 0-0: Foul Ball, location: 2F
0-1: Ball
1-1: Swinging Strike
1-2: Foul Ball, location: 2F
1-2: Ball
2-2: Ball
3-2: Foul Ball, location: 2F
3-2: Grounds into fielders choice 5-2 (Groundball, 56, EV 108.1 MPH)
Rory Cardosi to third
Jon Guzman to second
Batting: RHB Frederik Koster 0-0: Ball
1-0: Ball
2-0: Fly out, F8 (Flyball, 8LM, EV 80.0 MPH)
Top of the 6th over - 1 run, 2 hits, 0 errors, 3 left on base; Oklahoma State University 3 - Clemson University 2
BOTTOM OF THE 6TH
Clemson University Tigers batting - Pitching for Oklahoma State University Cowboys : RHP Jean-Philippe Guéry
Batting: LHB Wade Girard 0-0: Called Strike
0-1: Called Strike
0-2: Ball
1-2: Fly out, F7 (Line Drive, 78M, EV 98.1 MPH)
Pitching: RHP Santiago Lopez
Batting: RHB Josh LeSage 0-0: Fly out, F6 (Line Drive, 6MD, EV 70.6 MPH)
Batting: RHB Jason Duncan 0-0: Ground out 5-3 (Groundball, 56S, EV 80.0 MPH)
Bottom of the 6th over - 0 runs, 0 hits, 0 errors, 0 left on base; Oklahoma State University 3 - Clemson University 2
TOP OF THE 7TH
Oklahoma State University Cowboys batting - Pitching for Clemson University Tigers : RHP Dustin DeMent
Batting: RHB Simon Gravitt 0-0: Called Strike
0-1: Ground out 5-3 (Groundball, 56, EV 90.6 MPH)
Batting: RHB Magnus Laursen 0-0: Ball
1-0: Foul Ball, location: 2F
1-1: Ball
2-1: Foul Ball, location: 2F
2-2: Ball
3-2: SINGLE (Flyball, 8LS, EV 91.9 MPH)
Pitching: LHP Brian Anderson
Batting: LHB Kyle David 0-0: Ball
1-0: Called Strike
1-1: Called Strike
1-2: Ball
Wild Pitch!
Magnus Laursen to second
2-2: Foul Ball, location: 2F
2-2: Fly out, F6 (Popup, 6M, EV 70.0 MPH)
Batting: LHB Jeff Williams 0-0: Ball
1-0: Called Strike
1-1: Ball
2-1: Swinging Strike
2-2: Strikes out swinging
Top of the 7th over - 0 runs, 1 hit, 0 errors, 1 left on base; Oklahoma State University 3 - Clemson University 2
BOTTOM OF THE 7TH
Clemson University Tigers batting - Pitching for Oklahoma State University Cowboys : RHP Santiago Lopez
Batting: LHB Jonathan Watt 0-0: Called Strike
0-1: Ground out U3 (Groundball, 3S, EV 84.4 MPH)
Batting: RHB Ross Hallock 0-0: Ball
1-0: Ball
2-0: SINGLE (Groundball, 56D, EV 103.8 MPH)
Pitching: LHP Tony Bustillos
Batting: LHB George Jedinak 0-0: Ball
1-0: Ball
2-0: Called Strike
2-1: Foul Ball, location: 2F
2-2: Fly out, F8 (Flyball, 8RM, EV 74.4 MPH)
Pinch Hitting: RHB Mike Ryan
Pitching: RHP David Parker 0-0: Foul Ball, location: 2F
0-1: Called Strike
0-2: Ball
1-2: Ball
2-2: Fly out, F9 (Flyball, 9D, EV 96.9 MPH)
Bottom of the 7th over - 0 runs, 1 hit, 0 errors, 1 left on base; Oklahoma State University 3 - Clemson University 2
TOP OF THE 8TH
Oklahoma State University Cowboys batting - Pitching for Clemson University Tigers : LHP Brian Anderson
Now at 3B: Mike Ryan
Batting: LHB Cory Rohr 0-0: Called Strike
0-1: Ground out 6-3 (Groundball, 6, EV 100.6 MPH)
Batting: RHB Rory Cardosi 0-0: Foul Ball, location: 2F
0-1: SOLO HOME RUN (Flyball, 78XD, EV 106.2 MPH), Distance : 415 ft
Batting: RHB Jon Guzman 0-0: Foul Ball, location: 2F
0-1: Called Strike
0-2: Fly out, F9 (Line Drive, 9, EV 99.4 MPH)
Batting: RHB Estevan Alvarez 0-0: Called Strike
0-1: Ball
1-1: Foul Ball, location: 2F
1-2: SOLO HOME RUN (Flyball, 78XD, EV 110.0 MPH), Distance : 413 ft
Batting: RHB Frederik Koster 0-0: Ball
1-0: Ball
2-0: Foul Ball, location: 2F
2-1: Foul Ball, location: 2F
2-2: Ball
3-2: Strikes out looking
Top of the 8th over - 2 runs, 2 hits, 0 errors, 0 left on base; Oklahoma State University 5 - Clemson University 2
BOTTOM OF THE 8TH
Clemson University Tigers batting - Pitching for Oklahoma State University Cowboys : RHP David Parker
Batting: RHB Adrian Franz 0-0: Called Strike
0-1: Called Strike
0-2: Foul Ball, location: 2F
0-2: Foul Ball, location: 2F
0-2: Ball
1-2: Foul Ball, location: 2F
1-2: SINGLE (Line Drive, 5D, EV 94.4 MPH)
Batting: LHB Steve Gates 0-0: 2-RUN HOME RUN (Line Drive, 89XD, EV 106.9 MPH), Distance : 419 ft
Batting: LHB Wade Girard 0-0: Ball
1-0: Reached on error, E5 (Groundball, 5L, EV 96.2 MPH)
Batting: RHB Josh LeSage 0-0: Ball
1-0: Ball
2-0: Ball
3-0: Called Strike
3-1: Foul Ball, location: 2F
3-2: Strikes out swinging
Pinch Hitting: LHB Mario Nunez 0-0: Fly out, F9 (Line Drive, 9, EV 90.6 MPH)
Batting: LHB Jonathan Watt 0-0: Swinging Strike
0-1: Ground out 3-1 (Groundball, 34S, EV 77.5 MPH)
Bottom of the 8th over - 2 runs, 2 hits, 1 error, 1 left on base; Oklahoma State University 5 - Clemson University 4
TOP OF THE 9TH
Oklahoma State University Cowboys batting - Pitching for Clemson University Tigers : LHP Brian Anderson
Pitching: LHP Will West
Now in LF: Mario Nunez
Batting: RHB Simon Gravitt 0-0: Called Strike
0-1: Ball
1-1: Foul Ball, location: 2F
1-2: Strikes out swinging
Batting: RHB Magnus Laursen 0-0: Called Strike
0-1: Ground out 1-3 (Groundball, 13, EV 70.0 MPH)
Batting: LHB Kyle David 0-0: Ball
1-0: Called Strike
1-1: Foul Ball, location: 2F
1-2: Foul Ball, location: 2F
1-2: Ball
2-2: Ball
3-2: Foul Ball, location: 2F
3-2: Foul Ball, location: 2F
3-2: Foul Ball, location: 2F
3-2: Fly out, F8 (Flyball, 89D, EV 99.4 MPH)
Top of the 9th over - 0 runs, 0 hits, 0 errors, 0 left on base; Oklahoma State University 5 - Clemson University 4
BOTTOM OF THE 9TH
Clemson University Tigers batting - Pitching for Oklahoma State University Cowboys : RHP David Parker
Pitching: RHP Justin Reed
Now at 1B: Julio Marquez
Now in LF: Jose Lopez
Now in RF: Jon Guzman
Batting: RHB Ross Hallock 0-0: Fly out, F7 (Flyball, 7, EV 80.6 MPH)
Batting: LHB George Jedinak 0-0: Ground out 6-3 (Groundball, 6, EV 78.1 MPH)
Batting: RHB Mike Ryan 0-0: Foul Ball, location: 2F
0-1: SINGLE (Groundball, 34D, EV 95.0 MPH)
Batting: RHB Adrian Franz 0-0: Called Strike
0-1: Called Strike
0-2: Ball
1-2: Ball
2-2: Ball
3-2: 2-RUN HOME RUN (Flyball, 7LD, EV 92.5 MPH), Distance : 331 ft
Bottom of the 9th over - 2 runs, 2 hits, 0 errors, 0 left on base; Oklahoma State University 5 - Clemson University 6
Thursday, December 15th , 2022 - OOTP Baseball 23.9 Build 102